 Dungeon Crawl Stone Soup version 0.28-a0-643-g84cb2ea78e (webtiles) character file.

Game seed: 13889764536585861169

138 lawman0 the Chopper (level 5, -2/43 HPs)
             Began as a Palentonga Berserker on Oct 10, 2021.
             Was a Believer of Trog.
             Succumbed to a gnoll's poison
             ... on level 3 of the Dungeon.
             The game lasted 00:01:34 (2696 turns).

lawman0 the Chopper (Palentonga Berserker)          Turns: 2696, Time: 00:01:34

Health: -2/43      AC:  8    Str: 22    XL:     5   Next: 1%
Magic:  5/5        EV:  6    Int:  7    God:    Trog [**....]
Gold:   112        SH:  0    Dex:  9    Spells: 4/4 levels left

rFire   . . .      SeeInvis +   a - +0 hand axe
rCold   . . .      Faith    .   (no shield)
rNeg    . . .      Spirit   .   e - +0 chain mail
rPois   .          Reflect  .   (no helmet)
rElec   .          Harm     .   (no cloak)
rCorr   .          Rampage  .   (no gloves)
Will    .....                   (no barding)
Stlth   ..........              (no amulet)
HPRegen 0.14/turn               (no ring)
MPRegen 0.09/turn               (no ring)

@: lethally poisoned (-2 -> -18), on berserk cooldown, slowed, very slow
A: large, rugged brown scales 3, see invisible, deformed body, roll 1, armoured
tail
a: Rolling Charge, Renounce Religion, Berserk, Trog's Hand


You were on level 3 of the Dungeon.
You worshipped Trog.
Trog was pleased with you.
You visited 1 branch of the dungeon, and saw 3 of its levels.

You collected 112 gold pieces.

Inventory:

Hand Weapons
 a - a +0 hand axe (weapon)
Missiles
 c - 30 poisoned darts
 d - 21 bolts
Armour
 e - a +0 chain mail (worn)
Scrolls
 i - a scroll of identify {unknown}
 j - a scroll of enchant armour {unknown}
 l - a scroll of enchant weapon {unknown}
 m - a scroll of amnesia {unknown}
 o - a scroll of teleportation {unknown}
Potions
 b - a potion of brilliance {unknown}
 f - 2 potions of berserk rage {unknown}
 g - a potion of magic {unknown}
 h - a potion of heal wounds {unknown}
 k - a potion of lignification {unknown}
 n - 2 potions of degeneration {unknown}


   Skills:
 + Level 3.4 Fighting
 * Level 4.6 Axes
 + Level 2.7 Armour
 + Level 1.6 Dodging


You had 4 spell levels left.
You didn't know any spells.
Your spell library was empty.

Dungeon Overview and Level Annotations

Branches:
Dungeon (3/15)

Altars:


Innate Abilities, Weirdness & Mutations

You are completely covered in rugged brown scales. (AC +3, +7% HP)
You have supernaturally acute eyesight. (SInv)
Armour fits poorly on your strangely shaped body.
You can roll at nearby foes to attack.
You have a long armoured tail.


Message History

You feel very sick.
The orc wizard hits you but does no damage.
The gnoll hits you but does no damage.
Unknown command.
You closely miss the orc wizard.
Your tail-slap misses the orc wizard.
The orc wizard is moderately wounded.
You feel sick.
The gnoll hits you from afar with a +2 spear of venom!
The orc wizard hits you with a +0 dagger.
Unknown command.
You are too injured to fight recklessly!
You feel very sick. The gnoll completely misses you.
The gnoll hits you but does no damage.
You are lethally poisoned!
The orc wizard barely misses you.
Items here: ( )) [[ †.
You are too injured to fight recklessly!
Unknown command.
You are too injured to fight recklessly!
Unknown command.
You are too injured to fight recklessly!
You slash the gnoll! You tail-slap the gnoll.
You kill the gnoll!
Trog accepts your kill.
You hit the orc wizard.
* * * LOW HITPOINT WARNING * * *
You feel very sick.
You have reached level 5!
You are too injured to fight recklessly!
You are no longer berserk.
You are exhausted.
You feel yourself slow down.
* * * LOW HITPOINT WARNING * * *
You feel very sick.
The gnoll hits you from afar with a +0 spear.
* * * LOW HITPOINT WARNING * * *
Things that are here:
a +0 flail; a +0 dagger; a gnoll corpse You are too injured to fight recklessly!
You die...

#.#.### ...... .##
#. #..... ...
#.##....## #.#
#........# #.#
.........# #.#
#......g.# #.#
#...@# #.#### #
#..g)#####....##.#
##.(o.......<....#
###.#####..#.##.#
#.# #..#.## #
#.#####.....#
#.......<.#...#
#######.....###
#..#.##


You could see an orc wizard (invisible) and 2 gnolls.

Vanquished Creatures
  A bullfrog skeleton (D:2)
  An orc wizard (D:3)
  2 gnolls (D:3)
  2 adders (D:2)
  A worm (D:2)
  A dart slug (D:2)
  2 orcs (D:3)
  3 ball pythons
  5 endoplasms
  6 goblins
  6 hobgoblins
  2 quokkas (D:1)
  3 bats (D:1)
  2 frilled lizards (D:1)
  A kobold (D:1)
  3 rats
41 creatures vanquished.

Notes
Turn   | Place    | Note
-------+----------+-------------------------------------------
     0 | D:1      | lawman0 the Palentonga Berserker began the quest for the
                  | Orb.
     0 | D:1      | Reached XP level 1. HP: 19/19 MP: 1/1
    96 | D:1      | Reached XP level 2. HP: 2/25 MP: 2/2
  1401 | D:2      | Reached XP level 3. HP: 20/31 MP: 3/3
  1405 | D:2      | Reached skill level 4 in Axes
  1820 | D:2      | Reached XP level 4. HP: 23/37 MP: 4/4
  2689 | D:3      | Reached ** piety under Trog
  2695 | D:3      | Reached XP level 5. HP: 17/43 MP: 5/5
  2696 | D:3      | Succumbed to a gnoll's poison

Illustrated notes

Levels and vault maps discovered:
D:1:      onia_arrival_pyramid, layout_basic, minmay_pentomino_s4
D:2:      layout_basic
D:3:      layout_loops_ring, mainiacjoe_overflow_chevrons, serial_shops,
          shop_statue, ebering_ecumenical_altar_abandoned

Skill      XL: |  1  2  3 |
---------------+----------+-----
Axes           | 4 |  4.6
Armour         | 2 |  2.7
Fighting       | |  3.4
Dodging        | |  1.6

Action                   |  1- 3 |  4- 6 || total
-------------------------+-------+-------++-------
Melee: Hand axe          |    98 |    33 ||   131
       Tailslap          |     3 |     6 ||     9
Invok: Berserk           |     3 |     1 ||     4
Armor: Chain mail        |    67 |    20 ||    87
Dodge: Dodged            |    28 |     8 ||    36

Table legend: (Time is in decaauts)
 A = Elapsed time spent in this place.
 B = Non-inter-level travel time spent in this place.
 C = Inter-level travel time spent in this place.
 D = Time resting spent in this place.
 E = Time spent auto-exploring this place.
 F = Levels seen in this place.
 G = Mean time per level.
                   A        B        C        D        E       F      G
               +--------+--------+--------+--------+--------+-----+--------+
         Total |   2737 |   2687 |     50 |    970 |   1402 |   3 |  912.3 |
       Dungeon |   2737 |   2687 |     50 |    970 |   1402 |   3 |  912.3 |
               +--------+--------+--------+--------+--------+-----+--------+

Top non-repeatable levels by time:
     D:2: 1382 daAuts
     D:1: 1329 daAuts
     D:3: 25 daAuts
